Unix NetHack Version 5.0.0-0 post-release - last build May 10 2026 23:12:36 (d1fa5d53e341ca933230fdaa984d921c805b60aa,branch:main).

Game began 2026-05-14 10:41:55, ended 2026-05-15 04:14:08.

2932467751, lawful female dwarven Valkyrie

     ----                           ---   ---
     |..|---            ----       --.-----.--    ----             ----
    --..||.--           |..--------|.........|--- |..|            --..|
   --.----..|           |....--...--.........--.---..|            |...---
   |..| |...|            -.........................---    ---- ----.....|  ----
   |..---.*.#         #---........................)---   --..--|....^...| --..|
   --.).....##-####--##-........................)...)--  |.....|..--....---..--
    |.........................@:...G..................----.---...............|
    --............-###--.%*....e..........----.............| -------.........--
     ---.---......#  ##.............^...---  --........--.-|      --[.........|
       --- --...###--#..*...............|     ----.........----   |...(......--
            #..................#-......--        --.).--......--  -----=---.--
            ######--...........##-...#--          -..--|-......|      |.| ---
           *##.|.##.........G.## #-.-#            ..----...<..--      |.|----
          *##.................##  -##            ..-- |......--       |.|...|
           ###.....h...........#      #        ...-   --.....--    ----.|...|
           ####...............##    ##         -.      --.....--   |........|
            #####......##.#--..#    ...        |.       --.....|  --..-------
           *#   ###-#--##-# --..|  ...--       --        |....--  |...|
                             --..  .---                  --.---   |..--
                              ------                      ---     ----
2932467751 the Stripling    St:18 Dx:14 Co:18 In:8 Wi:9 Ch:9  Lawful
Dlvl:4  $:7  HP:0(29) Pw:2(2) AC:6  Xp:2 T:1852 

Latest messages:
 The kitten misses the gnome.
 You see here a lichen corpse.
 The kitten bites the gnome.
 The gnome hits the kitten.
 The kitten bites the gnome.
 The gnome is killed!
 m - a lichen corpse.
 The kitten picks up a bow.
 The kitten drops a bow.
 You swap places with the peaceful dwarf.
 You see here 9 rocks.
 You see here 6 rocks.
 Your kobold corpse rots away.
 You hear some noises in the distance.
 You hear some noises in the distance.
 The kitten drops a rock.
 The kitten misses the gnome lord.
 The kitten bites the gnome lord.
 The gnome lord hits the kitten.
 You hear crashing rock.
 You see here a red gem.
 n - a red gem.
 You swap places with your kitten.
 Suddenly, the kitten falls through a trap door.
 You swap places with the peaceful gnome.
 You swap places with the peaceful gnome.
 You see here a wire ring.
 You see here a wire ring.
 You miss the floating eye.
 You hit the floating eye!
 You are frozen by the floating eye's gaze!
 The iguana bites!
 The iguana bites!
 The iguana bites!
 The iguana bites!
 The iguana bites!
 The iguana bites!
 The iguana bites!
 The iguana bites!
 The iguana bites!
 The iguana bites!
 The iguana bites!
 The iguana bites!
 The iguana bites!
 You die...
 Do you want your possessions identified? [ynq] (y) y
 Do you want to see your attributes? [ynq] (y) y
 Do you want an account of creatures vanquished? [ynaq] (y) y
 Do you want to see your conduct and achievements? [ynq] (y) y
 Do you want to see the dungeon overview? [ynq] (y) y

Inventory:
 Coins    ('$')
  $ - 7 gold pieces
 Weapons  (')')
  b - a +0 dagger (alternate weapon; not wielded)
  a - a +1 dwarvish spear (weapon in right hand)
 Armor    ('[')
  c - an uncursed +3 small shield (being worn)
 Comestibles  ('%')
  f - an uncursed partly eaten food ration
  m - an uncursed lichen corpse
 Potions  ('!')
  i - an uncursed potion of hallucination
 Tools    ('(')
  l - an uncursed skeleton key
 Gems/Stones  ('*')
  e - an uncursed worthless piece of green glass
  k - a cursed worthless piece of orange glass
  n - an uncursed worthless piece of red glass

2932467751 the Valkyrie's attributes:

Background:
 You were a Stripling, a level 2 dwarven Valkyrie.
 You were lawful, nominally on a mission for Tyr
 who was opposed by Odin (neutral) and Loki (chaotic).
 You were right-handed.
 You were in the Gnomish Mines, on level 4.
 You entered the dungeon 1852 turns ago.
 It was nighttime.
 You had 38 experience points, 2 more were needed to attain level 3.

Basics:
 You had 0 out of 29 hit points.
 You had both energy points (spell power).
 Your armor class was 6.
 Your wallet contained 7 zorkmids.
 Autopickup was off.

Final Characteristics:
 Your strength was 18 (limit:18/100).
 Your dexterity was 14 (limit:20).
 Your constitution was 18 (limit:20).
 Your intelligence was 8 (limit:16).
 Your wisdom was 9 (limit:16).
 Your charisma was 9 (limit:16).

Final Status:
 You weren't hungry.
 You were unencumbered.
 You were wielding a spear.
 You had basic skill with spear.

Final Attributes:
 You were devoutly aligned.
 You were cold resistant.
 You had infravision.
 You are dead.

Miscellaneous:
 You didn't encounter any bones levels.
 Total elapsed playing time was 55 minutes and 48 seconds.

Major events:
 Turn
    1: 2932467751 the lawful dwarven Valkyrie entered the dungeon
  171: entered the Gnomish Mines
 1852: killed by an iguana, while frozen by a floating eye's gaze

You didn't know any spells.

Skills:
 Fighting Skills
   bare handed combat [Unskilled]
   two weapon combat  [Unskilled]
   riding             [Unskilled]
 Weapon Skills
   dagger             [Basic]
   axe                [Unskilled]
   pick-axe           [Unskilled]
   short sword        [Unskilled]
   broadsword         [Unskilled]
   long sword         [Unskilled]
   two-handed sword   [Unskilled]
   saber              [Unskilled]
   hammer             [Unskilled]
   quarterstaff       [Unskilled]
   polearms           [Unskilled]
   spear              [Basic]
   trident            [Unskilled]
   lance              [Unskilled]
   sling              [Unskilled]
 Spellcasting Skills
   attack spells      [Unskilled]
   escape spells      [Unskilled]

Voluntary challenges:
 Character rerolling was not enabled.
 You followed a strict vegan diet.
 You were an atheist.
 You were illiterate.
 You never genocided any monsters.
 You never polymorphed an object.
 You never changed form.
 You used no wishes.
Achievement:
 You entered the Gnomish Mines.

 The Dungeons of Doom: levels 1 to 2
    Level 1:
    Level 2:
       An altar, a fountain.
       Stairs down to The Gnomish Mines.
 The Gnomish Mines: levels 3 to 4
    Level 3:
    Level 4: <- You were here.
       Final resting place for
          you, killed by an iguana, while frozen by a floating eye's gaze.


Vanquished creatures:
  3 acid blobs
  a hobbit
  3 giant rats
  a yellow mold
  6 gnomes
  2 geckos
  a goblin
  2 grid bugs
  2 lichens
  a kobold zombie
  4 newts
26 creatures vanquished.

No species were genocided or became extinct.

Game over:
                       ----------
                      /          \
                     /    REST    \
                    /      IN      \
                   /     PEACE      \
                  /                  \
                  |    2932467751    |
                  |       7 Au       |
                  |   killed by an   |
                  |      iguana      |
                  |                  |
                  |                  |
                  |       2026       |
                 *|     *  *  *      | *
        _________)/\\_//(\/(/\)/\//\/|_)_______

Farvel 2932467751 the Valkyrie...

You died in The Gnomish Mines on dungeon level 4 with 309 points,
and 7 pieces of gold, after 1852 moves.
You were level 2 with a maximum of 29 hit points when you died.

